 Dungeon Crawl Stone Soup version 0.27-a0-1277-g3808f8b1c9 (webtiles) character file.

Game seed: 8778924624753221142

2 HAL9000 the Sneak (level 1, -2/11 HPs)
             Began as a Vine Stalker Brigand on June 12, 2021.
             Slain by a goblin (3 damage)
             ... on level 1 of the Dungeon.
             The game lasted 00:00:12 (45 turns).

HAL9000 the Sneak (Vine Stalker Brigand)              Turns: 45, Time: 00:00:13

Health: -2/11      AC:  3    Str: 13    XL:     1   Next: 30%
Magic:  0/2        EV: 11    Int: 11    God:
Gold:   0          SH:  0    Dex: 15    Spells: 0/0 levels left

rFire    . . .     SeeInvis .   a - +2 dagger
rCold    . . .     Faith    .   (no shield)
rNeg     . . .     Spirit   +   b - +0 robe
rPois    .         Reflect  .   (no helmet)
rElec    .         Harm     .   c - +0 cloak
rCorr    .         Rampage  .   (no gloves)
Will     .....                  (no boots)
Stlth    +++.......             (no amulet)
HPRegen  0.03/turn              (no ring)
MPRegen  0.08/turn              (no ring)

@: no status effects
A: fangs 2, magic shield, antimagic bite, no potion heal 2
a: no special abilities


You were on level 1 of the Dungeon.
You visited 1 branch of the dungeon, and saw 1 of its levels.

Inventory:

Hand Weapons
 a - a +2 dagger (weapon)
Missiles
 d - 8 poisoned darts (quivered)
 e - 2 curare-tipped darts
Armour
 b - a +0 robe (worn)
 c - a +0 cloak (worn)


   Skills:
 - Level 1.7 Fighting
 - Level 1.7 Short Blades
 + Level 1.7 Throwing
 - Level 0.7 Dodging
 + Level 5.0 Stealth


You couldn't memorise any spells.
You didn't know any spells.
Your spell library was empty.

Dungeon Overview and Level Annotations

Branches:
Dungeon (1/15)

Altars:


Innate Abilities, Weirdness & Mutations

You have extremely sharp teeth.
When hurt, damage is shared between your health and your magic reserves.
Your bite disrupts and absorbs the magic of your enemies.
Potions cannot restore your health.


Message History

The giant cockroach is heavily wounded.
The bat hits you but does no damage.
The giant cockroach bites you but does no damage.
The giant cockroach closely misses you.
You hit the giant cockroach but do no damage.
Your bite misses the giant cockroach.
The giant cockroach is heavily wounded.
The bat barely misses you. The endoplasm closely misses you.
The giant cockroach barely misses you.
You barely miss the bat. Your bite misses the bat.
The bat is severely wounded.
The bat hits you but does no damage. The bat barely misses you.
The bat closely misses you. The giant cockroach closely misses you.
The endoplasm freezes you.
You are frozen.
The rat completely misses you.
You hit the bat.
You kill the bat!
The giant cockroach closely misses you. The goblin completely misses you.
The endoplasm freezes you.
You are frozen.
The rat barely misses you.
Your Stealth skill increases to level 5!
You are too injured to fight recklessly!
You are too injured to fight recklessly!
You are too injured to fight recklessly!
You are too injured to fight recklessly!
You are too injured to fight recklessly!
You are too injured to fight recklessly!
You are too injured to fight recklessly!
You are too injured to fight recklessly!
You are too injured to fight recklessly!
You are too injured to fight recklessly!
You are too injured to fight recklessly!
Unknown command.
The endoplasm freezes you.
You are frozen.
* * * LOW HITPOINT WARNING * * *
The giant cockroach bites you but does no damage.
A quokka comes into view.
The goblin hits you with a +0 club.
You die...

.8..8..8#.## #.#...##....###
........'..# #.#.#..........
.<......'.†# #...#..........
........'..#####..#...........
.8..8..8##.##.....!...........
♣......###.#.....r.r#.........
♣.....## #..####.#J##.........
♣♣...## ##....#Bg.#..........
♣...# ####.#@###.......^..
♣...# #.!.# #.......... ♣...#
##..# ........... ♣♣♣.#
.......######..# ♣♣♣ ........
.## .r..... #....... ######.##


You could see an endoplasm, a quokka (asleep), a giant cockroach, a goblin and 2
rats.

Vanquished Creatures
  A bat (D:1)
  A rat (D:1)
2 creatures vanquished.

Notes
Turn   | Place    | Note
-------+----------+-------------------------------------------
     0 | D:1      | HAL9000 the Vine Stalker Brigand began the quest for the
                  | Orb.
     0 | D:1      | Reached XP level 1. HP: 11/11 MP: 2/2
    38 | D:1      | Reached skill level 5 in Stealth
    45 | D:1      | Slain by a goblin

Illustrated notes

Levels and vault maps discovered:
D:1:      kennysheep_arrival_forest, layout_rooms

Skill      XL: |  1 |
---------------+----+-----
Stealth        | 5 |  5.0
Fighting       | |  1.7
Short Blades   | |  1.7
Throwing       | |  1.7
Dodging        | |  0.7

Action                   || total
-------------------------++-------
Melee: Dagger            ||    10
       Bite              ||     1
 Stab: Sleeping          ||     1
Armor: Robe              ||     9
Dodge: Dodged            ||    18

Table legend: (Time is in decaauts)
 A = Elapsed time spent in this place.
 B = Non-inter-level travel time spent in this place.
 C = Inter-level travel time spent in this place.
 D = Time resting spent in this place.
 E = Time spent auto-exploring this place.
 F = Levels seen in this place.
 G = Mean time per level.
                   A        B        C        D        E       F      G
               +--------+--------+--------+--------+--------+-----+--------+
         Total |     44 |     44 |      0 |      0 |     13 |   1 |   44.0 |
       Dungeon |     44 |     44 |      0 |      0 |     13 |   1 |   44.0 |
               +--------+--------+--------+--------+--------+-----+--------+

Top non-repeatable levels by time:
     D:1: 44 daAuts
